 Dungeon Crawl Stone Soup version 0.26-a0-6-g448add79b7 (webtiles) character file.

Game seed: 15963735616868614951, levelgen mode: deterministic

2114 MrRokkomies the Nimble (level 9, -1/39 HPs)
             Began as a Spriggan Earth Elementalist on May 24, 2020.
             Was an Initiate of Ashenzari.
             Killed from afar by Maggie (22 damage)
             ... with a bolt of fire
             ... on level 6 of the Dungeon.
             The game lasted 00:15:53 (7450 turns).

MrRokkomies the Nimble (SpEE)                       Turns: 7450, Time: 00:15:56

Health: -1/39      AC:  2    Str:  7    XL:     9   Next: 8%
Magic:  17/23      EV: 25    Int: 17    God:    Ashenzari [......]
Gold:   236        SH:  9    Dex: 16    Spells: 3/13 levels left

rFire    . . .     SeeInvis +   a - +1 dagger (venom) (curse)
rCold    . . .     Gourm    .   c - +2 buckler (curse)
rNeg     . . .     Faith    .   i - +0 robe {MR+}
rPois    .         Spirit   .   (helmet restricted)
rElec    .         Reflect  .   (no cloak)
rCorr    .         Harm     .   (gloves unavailable)
MR       ++...                  (boots unavailable)
Stlth    ++++......             m - amulet of the acrobat
HPRegen  0.13/turn              q - ring of magical power
MPRegen  0.18/turn              (no ring)

@: very quick
A: very small, unfitting armour, see invisible, herbivore, speed 3, slow
metabolism 2
a: Curse Item, Renounce Religion


You were on level 6 of the Dungeon.
You worshipped Ashenzari.
Ashenzari was noncommittal.
You were very hungry.

You visited 2 branches of the dungeon, and saw 7 of its levels.

You collected 236 gold pieces.

Inventory:

Hand Weapons
 a - a cursed +1 dagger of venom (weapon)
Missiles
 b - 43 stones
 g - 12 poisoned darts (quivered)
 t - 7 atropa-tipped darts
Armour
 c - a cursed +2 buckler (worn)
 i - a +0 robe of magic resistance (worn)
Jewellery
 m - an amulet of the acrobat (around neck)
 q - a ring of magical power (left hand)
Wands
 e - a wand of polymorph (2)
 l - a wand of random effects (11)
 p - a wand of paralysis (8)
Scrolls
 f - 6 scrolls of identify
 j - 2 scrolls of teleportation {unknown}
 o - a scroll of remove curse
 u - a scroll of magic mapping
Potions
 h - 2 potions of resistance {unknown}
 k - a potion of cancellation
 n - a potion of haste
 r - 2 potions of brilliance
 s - 2 potions of lignification {unknown}
 v - a potion of magic {unknown}
Comestibles
 d - 6 rations


   Skills:
 * Level 0.9 Short Blades
 - Level 10.0 Dodging
 + Level 8.1 Stealth
 + Level 3.5 Shields
 - Level 2.6 Spellcasting
 * Level 5.0 Transmutations
 - Level 6.0 Earth Magic


You had 3 spell levels left.
You knew the following spells:

 Your Spells              Type           Power        Failure   Level  Hunger
a - Sandblast             Erth           ###...       1%          1    #......
b - Passwall              Tmut/Erth      ###.....     3%          2    ##.....
c - Stone Arrow           Conj/Erth      ##....       21%         3    ###....
d - Petrify               Tmut/Erth      ###.....     24%         4    #####..

Your spell library contained the following spells:

 Spells                   Type           Power        Failure   Level  Hunger
 Lee's Rapid Deconstruct  Erth           ###.......   47%         5    ######.


Dungeon Overview and Level Annotations

Branches:
Dungeon (6/15)             Temple (1/1) D:5

Altars:
Ashenzari
Cheibriados
Dithmenos
Elyvilon
Gozag
Nemelex Xobeh
Qazlal
Ru
Sif Muna
Trog
Yredelemnul
Zin
The Shining One

Annotations:
D:6 Maggie


Innate Abilities, Weirdness & Mutations

You are very small and have problems with some larger weapons.
You are too small for most types of armour.
You have supernaturally acute eyesight. (SInv)
You are a herbivore.
You cover ground extremely quickly.
You need to consume almost no food.


Message History

Casting: Sandblast (safe; 1% risk of failure)
Confirm with . or Enter, or press ? or * to list all spells.
Aiming: Sandblast (safe; 1% risk of failure)
Press: ? - help, Shift-Dir - straight line, f/p - Maggie
Aim: Maggie, wielding a +2 halberd of flaming and wearing +0 swamp dragon scales (moderately wounded, very poisoned)
The blast of sand misses Maggie.
b - 44 stones Maggie completely misses you.
The freed slave barely misses Maggie.
Casting: Sandblast (safe; 1% risk of failure)
Confirm with . or Enter, or press ? or * to list all spells.
Aiming: Sandblast (safe; 1% risk of failure)
Press: ? - help, Shift-Dir - straight line, f/p - Maggie
Aim: Maggie, wielding a +2 halberd of flaming and wearing +0 swamp dragon scales (heavily wounded, very poisoned)
The blast of sand hits Maggie but does no damage.
Maggie is heavily wounded.
b - 43 stones Maggie gestures at you while chanting.
The bolt of fire hits you!!
Ouch! That really hurt!
You die...

#.##############
....
#...........o.#
......
#.############.#
...... #.....@@.#
#.# ..##.#
#..#####p.# #.#
..##.### .# #o.#
#o# .......
<..###..# ##.##
..#..#
........###..o####
..#..#
...............@.#
.....# .#
.........##...#o.#
.§#..##.#
....###..###.##..#
†.#...#.###. .#
#..# #.# ..#


You could see Maggie (very poisoned), an orc and a neutral freed slave
(wandering).

Vanquished Creatures
  Pikel (D:6)
  Sigmund (D:5)
  Eustachio (D:6)
  Edmund (D:6)
  Duvessa (D:5)
  A sky beast (D:6)
  A slave (D:6)
  2 ogres (D:4)
  Dowan (D:5)
  2 scorpions (D:4)
  A howler monkey (D:5)
  2 bullfrog zombies
  A quasit (D:5)
  An orc priest (D:5)
  A hound (D:5)
  6 orc wizards
  An iguana (D:4)
  2 worker ants (D:5)
  A hound zombie (D:5)
  A hound skeleton (D:4)
  4 gnolls (D:2)
  10 adders
  4 shadow imps
  3 oozes
  An adder zombie (D:5)
  2 adder skeletons
  4 worms
  3 dart slugs
  4 leopard geckos
  19 orcs
  8 bats
  5 giant cockroaches
  4 hobgoblins
  6 jackals
  2 quokkas
  3 ball pythons
  4 frilled lizards
  6 goblins (D:3)
  5 kobolds
  A leopard gecko zombie (D:5)
  A quokka skeleton (D:5)
  A quokka zombie (D:5)
  7 rats
136 creatures vanquished.

Vanquished Creatures (others)
  A howler monkey zombie (D:6)
  An orc (D:6)
2 creatures vanquished.

Grand Total: 138 creatures vanquished

Notes
Turn   | Place    | Note
-------+----------+-------------------------------------------
     0 | D:1      | MrRokkomies the Spriggan Earth Elementalist began the quest
                  | for the Orb.
     0 | D:1      | Reached XP level 1. HP: 9/9 MP: 5/5
   344 | D:1      | Reached XP level 2. HP: 13/13 MP: 2/6
  1119 | D:2      | Reached XP level 3. HP: 11/16 MP: 1/8
  1242 | D:2      | Reached skill level 4 in Dodging
  1309 | D:2      | Learned a level 2 spell: Passwall
  1490 | D:2      | Reached XP level 4. HP: 21/21 MP: 2/9
  1779 | D:2      | Found a sparkling altar of Nemelex Xobeh.
  1951 | D:2      | Reached skill level 5 in Dodging
  2174 | D:3      | Found an opulent altar of Gozag.
  2192 | D:3      | Reached skill level 1 in Shields
  2192 | D:3      | Reached XP level 5. HP: 24/24 MP: 3/10
  3492 | D:4      | Noticed an ogre
  3504 | D:4      | Killed an ogre
  3504 | D:4      | Reached skill level 6 in Dodging
  3504 | D:4      | Reached skill level 5 in Stealth
  3504 | D:4      | Reached XP level 6. HP: 28/28 MP: 11/11
  3622 | D:4      | Found a basalt altar of Yredelemnul.
  4036 | D:4      | Found a stormy altar of Qazlal.
  4084 | D:4      | Found a shadowy altar of Dithmenos.
  4299 | D:4      | Reached XP level 7. HP: 32/32 MP: 12/12
  4387 | D:4      | Reached skill level 7 in Dodging
  4631 | D:5      | Entered Level 5 of the Dungeon
  4677 | D:5      | Reached skill level 5 in Earth Magic
  4951 | D:5      | Found a staircase to the Ecumenical Temple.
  4959 | Temple   | Entered the Ecumenical Temple
  5077 | Temple   | Became a worshipper of Ashenzari the Shackled
  5101 | D:5      | Found a glowing golden altar of the Shining One.
  5408 | D:5      | Noticed Duvessa
  5413 | D:5      | Noticed Dowan
  5432 | D:5      | Killed Duvessa
  5453 | D:5      | Killed Dowan
  5453 | D:5      | Reached skill level 8 in Dodging
  5695 | D:5      | Reached XP level 8. HP: 36/36 MP: 13/13
  5819 | D:5      | Noticed Sigmund
  5838 | D:5      | Killed Sigmund
  6150 | D:5      | Found a shimmering blue altar of Sif Muna.
  6222 | D:5      | Learned a level 3 spell: Stone Arrow
  6227 | D:5      | Learned a level 4 spell: Petrify
  6487 | D:6      | Reached skill level 9 in Dodging
  6931 | D:6      | Noticed Eustachio
  7038 | D:6      | Killed Eustachio
  7197 | D:6      | Noticed Pikel
  7214 | D:6      | Killed Pikel
  7214 | D:6      | Reached skill level 10 in Dodging
  7214 | D:6      | Reached XP level 9. HP: 26/39 MP: 14/14
  7385 | D:6      | Noticed Maggie
  7401 | D:6      | Noticed Edmund
  7432 | D:6      | Killed Edmund
  7432 | D:6      | Reached skill level 5 in Transmutations
  7450 | D:6      | Killed from afar by Maggie

Illustrated notes

Levels and vault maps discovered:
D:1:      erik_arrival_triangle_medium, layout_loops_ring,
          chequers_serial_rivers_micro_e
D:2:      layout_loops_ring, eino_curves_02, nemelex_dance_club_becter
D:3:      layout_basic, first_ration, nicolae_gozag_seed_capital
D:4:      layout_loops_corners, grunt_dithmenos_smoke, kennysheep_little_box,
          nicolae_qazlal_eye_of_the_storm
D:5:      layout_basic, nicolae_overflow_crystal_walls, lemuel_blue_sif_altar,
          minmay_temple_entry_overgrown, uniq_duvessa, uniq_sigmund
D:6:      layout_loops_ring, uniq_edmund, uniq_maggie, uniq_eustachio,
          uniq_pikel
Temple:   eino_temple_scatter_basement

Skill      XL: |  1  2  3  4  5  6  7  8  9 |
---------------+----------------------------+-----
Earth Magic    | 3 4 5 6 |  6.0
Dodging        | 4 5 6 8 10 | 10.0
Stealth        | 4 5 6 8 |  8.1
Shields        | 1 2 3 |  3.5
Transmutations | 4 5 |  5.0
Short Blades   | |  0.9
Spellcasting   | |  2.6

Action                   |  1- 3 |  4- 6 |  7- 9 || total
-------------------------+-------+-------+-------++-------
Melee: Dagger            |    18 |   119 |   224 ||   361
Throw: Dart              |     5 |    34 |    13 ||    52
 Cast: Sandblast         |    38 |    64 |    42 ||   144
       Passwall          |       |       |     1 ||     1
Invok: Curse Item        |       |       |     2 ||     2
  Use: Scroll            |     2 |    11 |       ||    13
       Potion            |       |       |     2 ||     2
 Stab: Sleeping          |     3 |     8 |    10 ||    21
  Eat: Ration            |       |     1 |     1 ||     2
Armor: Robe              |     2 |     7 |     9 ||    18
Dodge: Dodged            |    30 |    88 |   199 ||   317
Block: Buckler           |    10 |    50 |    95 ||   155

Table legend:
 A = Non-vault XP
 B = Vault XP
 C = Vault XP percentage of total XP
 D = Non-vault monster count
 E = Vault monster count
 F = Vault count percentage of total count
                 A         B        C        D         E       F
            +---------+---------+-------+---------+---------+-------
      Total |    1601 |    1420 |  47.0 |     127 |       8 |   5.9
            +---------+---------+-------+---------+---------+-------
        D:1 |      25 |       0 |   0.0 |      12 |       0 |   0.0
        D:2 |     146 |      10 |   6.4 |      24 |       2 |   7.7
        D:3 |     145 |       0 |   0.0 |      36 |       0 |   0.0
        D:4 |     493 |       0 |   0.0 |      14 |       0 |   0.0
        D:5 |     516 |     442 |  46.1 |      30 |       3 |   9.1
        D:6 |     276 |     968 |  77.8 |      11 |       3 |  21.4
            +---------+---------+-------+---------+---------+-------
